TOP OF THE 1ST |
West Palm Reds batting - Pitching for Gainesville Guidos : RHP Matt McGinnity
|
Pitching: RHP Matt McGinnity
|
|
Batting: SHB Francis Shaffer
|
0-0: Foul Ball, location: 2F 0-1: Ball 1-1: Ball 2-1: Ball 3-1: Fly out, F7 (Flyball, 5DF)
|
Batting: LHB Jeff Doss
|
0-0: Called Strike 0-1: DOUBLE (Line Drive, 78M)
|
Batting: LHB Enrique Cortéz
|
0-0: SINGLE (Line Drive, 56D) Jeff Doss to third Runner from 3rd tries for Home, throw and OUT!
|
Batting: LHB Jeff McKinney
|
0-0: Called Strike 0-1: Swinging Strike 0-2: Foul Ball, location: 2F 0-2: Foul Ball, location: 2F 0-2: Strikes out swinging
|
Top of the 1st over - 0 run(s), 2 hit(s), 0 error(s), 1 left on base; West Palm 0 - Gainesville 0 |
BOTTOM OF THE 1ST |
Gainesville Guidos batting - Pitching for West Palm Reds : LHP Octávio Ramírez
|
Pitching: LHP Octávio Ramírez
|
|
Batting: RHB Adrian Prouse
|
0-0: Foul Ball, location: 2F 0-1: Ball 1-1: Foul Ball, location: 2F 1-2: Ball 2-2: Ball 3-2: Fly out, F8 (Flyball, 8LXD)
|
Batting: RHB Kurt Walter
|
0-0: Ball 1-0: Ball 2-0: Ball 3-0: Called Strike 3-1: Base on Balls
|
Batting: RHB José Fernández
|
0-0: 2-RUN HOME RUN (Flyball, 7LD), Distance : 345 ft
|
Batting: LHB Sergio Barrón
|
0-0: Ball 1-0: DOUBLE (Line Drive, 7D)
|
Batting: RHB Victor Andrews
|
0-0: Ball 1-0: Ball 2-0: Ball 3-0: Base on Balls
|
Batting: RHB Noriyori Ine
|
0-0: Foul Ball, location: 2F 0-1: 3-RUN HOME RUN (Flyball, 7LD), Distance : 335 ft
|
Batting: LHB António Hernández
|
0-0: Called Strike 0-1: Fly out, F9 (Flyball, 89D)
|
Batting: RHB Jason Saunders
|
0-0: Ball 1-0: Ball 2-0: Ball 3-0: Base on Balls
|
Batting: RHB José Ortega
|
0-0: Ball 1-0: Called Strike Jason Saunders steals 2nd base 1-1: Ball 2-1: Ball 3-1: Called Strike 3-2: Fly out, F6 (Popup, 6M)
|
Bottom of the 1st over - 5 run(s), 3 hit(s), 0 error(s), 1 left on base; West Palm 0 - Gainesville 5 |
TOP OF THE 2ND |
West Palm Reds batting - Pitching for Gainesville Guidos : RHP Matt McGinnity
|
Batting: SHB Todd Smith
|
0-0: Ball 1-0: Swinging Strike 1-1: Ball 2-1: Ball 3-1: Called Strike 3-2: Foul Ball, location: 2F 3-2: Ground out 4-3 (Groundball, 4)
|
Batting: RHB Jack Ray
|
0-0: Ball 1-0: Ball 2-0: Ball 3-0: Called Strike 3-1: Base on Balls
|
Batting: LHB Millard Dye
|
0-0: Foul Ball, location: 2F 0-1: Fly out, F9 (Flyball, 9D)
|
Batting: LHB Bill Smith
|
0-0: Ball 1-0: Ball 2-0: Fly out, F7 (Flyball, 7M)
|
Top of the 2nd over - 0 run(s), 0 hit(s), 0 error(s), 1 left on base; West Palm 0 - Gainesville 5 |
BOTTOM OF THE 2ND |
Gainesville Guidos batting - Pitching for West Palm Reds : LHP Octávio Ramírez
|
Batting: RHB Adrian Prouse
|
0-0: Called Strike 0-1: Foul Ball, location: 2F 0-2: Ball 1-2: Foul Ball, location: 2F 1-2: Ball 2-2: Strikes out swinging
|
Batting: RHB Kurt Walter
|
0-0: Called Strike 0-1: Called Strike 0-2: Fly out, F9 (Flyball, 9LM)
|
Batting: RHB José Fernández
|
0-0: Foul Ball, location: 2F 0-1: Swinging Strike 0-2: Foul Ball, location: 2F 0-2: Fly out, F7 (Flyball, 7D)
|
Bottom of the 2nd over - 0 run(s), 0 hit(s), 0 error(s), 0 left on base; West Palm 0 - Gainesville 5 |
TOP OF THE 3RD |
West Palm Reds batting - Pitching for Gainesville Guidos : RHP Matt McGinnity
|
Batting: SHB Alex Hayes
|
0-0: Ball 1-0: Called Strike 1-1: DOUBLE (Groundball, 5D)
|
Batting: SHB Francis Shaffer
|
0-0: Ball 1-0: Ball 2-0: Swinging Strike 2-1: Ball 3-1: Base on Balls
|
Batting: LHB Jeff Doss
|
0-0: Swinging Strike 0-1: Ball 1-1: Swinging Strike 1-2: Ball 2-2: Strikes out swinging
|
Batting: LHB Enrique Cortéz
|
0-0: Ball 1-0: Called Strike 1-1: Foul Ball, location: 2F 1-2: Ball 2-2: Fly out, F7 (Flyball, 7LS)
|
Batting: LHB Jeff McKinney
|
0-0: Ball 1-0: Foul Ball, location: 2F 1-1: Foul Ball, location: 2F 1-2: Ball 2-2: SINGLE (Groundball, 4MD) (infield hit) Alex Hayes to third Francis Shaffer to second
|
Batting: SHB Todd Smith
|
0-0: Called Strike 0-1: Ball 1-1: Ball 2-1: Foul Ball, location: 2F 2-2: Foul Ball, location: 2F 2-2: Foul Ball, location: 2F 2-2: Foul Ball, location: 2F 2-2: Foul Ball, location: 2F 2-2: Ball 3-2: Base on Balls Alex Hayes scores Francis Shaffer to third Jeff McKinney to second
|
Batting: RHB Jack Ray
|
0-0: Foul Ball, location: 2F 0-1: Ball 1-1: Swinging Strike 1-2: Foul Ball, location: 2F 1-2: Ball 2-2: Ball 3-2: Strikes out looking
|
Top of the 3rd over - 1 run(s), 2 hit(s), 0 error(s), 3 left on base; West Palm 1 - Gainesville 5 |
BOTTOM OF THE 3RD |
Gainesville Guidos batting - Pitching for West Palm Reds : LHP Octávio Ramírez
|
Batting: LHB Sergio Barrón
|
0-0: Ball 1-0: Ball 2-0: Called Strike 2-1: Foul Ball, location: 2F 2-2: Foul Ball, location: 2F 2-2: Ball 3-2: Base on Balls
|
Batting: RHB Victor Andrews
|
0-0: SINGLE (Line Drive, 56) Sergio Barrón to second
|
Batting: RHB Noriyori Ine
|
0-0: Called Strike 0-1: Called Strike 0-2: Strikes out swinging
|
Batting: LHB António Hernández
|
0-0: Fly out, F6 (Popup, 5)
|
Batting: RHB Jason Saunders
|
0-0: Ball 1-0: Called Strike 1-1: Ball 2-1: Foul Ball, location: 2F 2-2: Strikes out swinging
|
Bottom of the 3rd over - 0 run(s), 1 hit(s), 0 error(s), 2 left on base; West Palm 1 - Gainesville 5 |
TOP OF THE 4TH |
West Palm Reds batting - Pitching for Gainesville Guidos : RHP Matt McGinnity
|
Batting: LHB Millard Dye
|
0-0: Ball 1-0: Called Strike 1-1: Called Strike 1-2: Ball 2-2: Foul Ball, location: 2F 2-2: Foul Ball, location: 2F 2-2: Ball 3-2: Fly out, F6 (Line Drive, 6)
|
Batting: LHB Bill Smith
|
0-0: Ball 1-0: Ground out 4-3 (Groundball, 4)
|
Batting: SHB Alex Hayes
|
0-0: Ball 1-0: Ball 2-0: Foul Ball, location: 2F 2-1: Foul Ball, location: 2F 2-2: Ball 3-2: Base on Balls
|
Batting: SHB Francis Shaffer
|
0-0: Ball 1-0: Fielders Choice at 2nd, 6-4 (Groundball, 6)
|
Top of the 4th over - 0 run(s), 0 hit(s), 0 error(s), 0 left on base; West Palm 1 - Gainesville 5 |
BOTTOM OF THE 4TH |
Gainesville Guidos batting - Pitching for West Palm Reds : LHP Octávio Ramírez
|
Batting: RHB José Ortega
|
0-0: Ball 1-0: Ball 2-0: Ball 3-0: Base on Balls
|
Batting: RHB Adrian Prouse
|
0-0: Swinging Strike 0-1: Foul Ball, location: 2F 0-2: Ball 1-2: Strikes out swinging
|
Batting: RHB Kurt Walter
|
0-0: Swinging Strike 0-1: Swinging Strike 0-2: Strikes out swinging
|
Batting: RHB José Fernández
|
0-0: Ball 1-0: Foul Ball, location: 2F 1-1: Fielders Choice at 2nd, 5-4 (Groundball, 5)
|
Bottom of the 4th over - 0 run(s), 0 hit(s), 0 error(s), 0 left on base; West Palm 1 - Gainesville 5 |
TOP OF THE 5TH |
West Palm Reds batting - Pitching for Gainesville Guidos : RHP Matt McGinnity
|
Batting: LHB Jeff Doss
|
0-0: Ball 1-0: Ground out 4-3 (Groundball, 4)
|
Batting: LHB Enrique Cortéz
|
0-0: Called Strike 0-1: Ball 1-1: Foul Ball, location: 2F 1-2: Ball 2-2: Ball 3-2: SINGLE (Line Drive, 89S)
|
Pitching: LHP Mike Scott
|
|
Batting: LHB Jeff McKinney
|
0-0: Ball 1-0: Ball 2-0: Ball 3-0: Base on Balls Enrique Cortéz to second
|
Batting: SHB Todd Smith
|
0-0: Ball 1-0: Ball 2-0: Called Strike 2-1: Ball 3-1: Base on Balls Enrique Cortéz to third Jeff McKinney to second
|
Batting: RHB Jack Ray
|
0-0: Called Strike 0-1: Ball 1-1: Ball 2-1: Ball 3-1: Foul Ball, location: 2F 3-2: Base on Balls Enrique Cortéz scores Jeff McKinney to third Todd Smith to second
|
Batting: LHB Millard Dye
|
0-0: Called Strike 0-1: DOUBLE (Line Drive, 7LM) Jeff McKinney scores Todd Smith scores Jack Ray to third Runner from 3rd tries for Home, SAFE, throw made home
|
Batting: LHB Bill Smith
|
0-0: Intentional Walk
|
Batting: SHB Alex Hayes
|
0-0: Called Strike 0-1: Ground out 4-3 (Groundball, 4M) Millard Dye to third Bill Smith to second
|
Batting: SHB Francis Shaffer
|
0-0: Ball 1-0: Called Strike 1-1: Foul Ball, location: 2F 1-2: Ground out 3-1 (Groundball, 34)
|
Top of the 5th over - 4 run(s), 2 hit(s), 0 error(s), 2 left on base; West Palm 5 - Gainesville 5 |
BOTTOM OF THE 5TH |
Gainesville Guidos batting - Pitching for West Palm Reds : LHP Octávio Ramírez
|
Batting: LHB Sergio Barrón
|
0-0: Ball 1-0: Ball 2-0: Swinging Strike 2-1: Ball 3-1: Ground out 5-3 (Groundball, 15S)
|
Batting: RHB Victor Andrews
|
0-0: Fly out, F8 (Flyball, 8LD)
|
Batting: RHB Noriyori Ine
|
0-0: Called Strike 0-1: Swinging Strike 0-2: Foul Ball, location: 2F 0-2: SOLO HOME RUN (Flyball, 7LD), Distance : 327 ft
|
Batting: LHB António Hernández
|
0-0: Ball 1-0: SOLO HOME RUN (Flyball, 9D), Distance : 356 ft
|
Batting: RHB Jason Saunders
|
0-0: Called Strike 0-1: Ball 1-1: Foul Ball, location: 2F 1-2: Strikes out swinging
|
Bottom of the 5th over - 2 run(s), 2 hit(s), 0 error(s), 0 left on base; West Palm 5 - Gainesville 7 |
TOP OF THE 6TH |
West Palm Reds batting - Pitching for Gainesville Guidos : LHP Mike Scott
|
Batting: LHB Jeff Doss
|
0-0: Ball 1-0: Ball 2-0: Called Strike 2-1: Swinging Strike 2-2: Foul Ball, location: 2F 2-2: Ball 3-2: Fly out, F8 (Flyball, 8LD)
|
Batting: LHB Enrique Cortéz
|
0-0: Called Strike 0-1: Ball 1-1: Swinging Strike 1-2: SOLO HOME RUN (Flyball, 9D), Distance : 368 ft
|
Pitching: RHP Marlon Ryan
|
|
Batting: LHB Jeff McKinney
|
0-0: Ball 1-0: Ball 2-0: Ground out 4-3 (Groundball, 34)
|
Batting: SHB Todd Smith
|
0-0: Ball 1-0: Ball 2-0: Called Strike 2-1: SINGLE (Flyball, 7S)
|
Batting: RHB Jack Ray
|
0-0: Called Strike 0-1: Ball 1-1: Ball 2-1: Swinging Strike 2-2: Ground out 5-3 (Groundball, 56)
|
Top of the 6th over - 1 run(s), 2 hit(s), 0 error(s), 1 left on base; West Palm 6 - Gainesville 7 |
BOTTOM OF THE 6TH |
Gainesville Guidos batting - Pitching for West Palm Reds : LHP Octávio Ramírez
|
Pitching: RHP Dave Woods
|
|
Batting: RHB José Ortega
|
0-0: DOUBLE (Flyball, 9S)
|
Batting: RHB Adrian Prouse
|
0-0: Intentional Walk
|
Batting: RHB Kurt Walter
|
0-0: Ball 1-0: Called Strike 1-1: Ball 2-1: Ball 3-1: Base on Balls José Ortega to third Adrian Prouse to second
|
Batting: RHB José Fernández
|
0-0: Called Strike 0-1: Foul Ball, location: 2F 0-2: Foul Ball, location: 2F 0-2: SINGLE (Line Drive, 56) José Ortega scores Adrian Prouse to third Kurt Walter to second
|
Batting: LHB Sergio Barrón
|
0-0: Ball 1-0: Swinging Strike 1-1: Ball 2-1: Fly out, F4 (Line Drive, 4M) 2-1: Lined into DP, U4 (Line Drive, 4M)
|
Batting: RHB Victor Andrews
|
0-0: Ball 1-0: Ball 2-0: Called Strike 2-1: Reached on Error, E6 (Line Drive, 6) Adrian Prouse scores José Fernández to second
|
Batting: RHB Noriyori Ine
|
0-0: Ball 1-0: SINGLE (Line Drive, 6MD) José Fernández to third Victor Andrews to second
|
Batting: LHB António Hernández
|
0-0: Called Strike 0-1: Ball 1-1: Ball 2-1: SINGLE (Groundball, 34) José Fernández scores Victor Andrews to third Noriyori Ine to second Runner from 3rd tries for Home, SAFE, throw made home Noriyori Ine to third António Hernández to second
|
Pitching: RHP Javier Valenzuela
|
|
Batting: RHB Jason Saunders
|
0-0: Foul Ball, location: 2F 0-1: Ball Wild Pitch! Noriyori Ine scores António Hernández to third 1-1: Called Strike 1-2: Fly out, F7 (Flyball, 7M)
|
Bottom of the 6th over - 5 run(s), 4 hit(s), 1 error(s), 1 left on base; West Palm 6 - Gainesville 12 |
TOP OF THE 7TH |
West Palm Reds batting - Pitching for Gainesville Guidos : RHP Marlon Ryan
|
Batting: LHB Millard Dye
|
0-0: Ball 1-0: Called Strike 1-1: Foul Ball, location: 2F 1-2: Ball 2-2: Foul Ball, location: 2F 2-2: Ball 3-2: SINGLE (Groundball, 3D)
|
Batting: LHB Bill Smith
|
0-0: Ball 1-0: Called Strike 1-1: Foul Ball, location: 2F 1-2: Foul Ball, location: 2F 1-2: Ball 2-2: Ball 3-2: Foul Ball, location: 2F 3-2: Foul Ball, location: 2F 3-2: Base on Balls Millard Dye to second
|
Batting: SHB Alex Hayes
|
0-0: Ball 1-0: Foul Ball, location: 2F 1-1: Hit by Pitch Millard Dye to third Bill Smith to second
|
Pinch Runner at 1st Alejandro Martínez:
|
|
Batting: SHB Francis Shaffer
|
0-0: Ball 1-0: Called Strike 1-1: Swinging Strike 1-2: Foul Ball, location: 2F 1-2: Strikes out swinging
|
Batting: LHB Jeff Doss
|
0-0: Called Strike 0-1: Called Strike 0-2: Ball 1-2: Strikes out swinging
|
Batting: LHB Enrique Cortéz
|
0-0: Ground out 1-3 (Groundball, 15S)
|
Top of the 7th over - 0 run(s), 1 hit(s), 0 error(s), 3 left on base; West Palm 6 - Gainesville 12 |
BOTTOM OF THE 7TH |
Gainesville Guidos batting - Pitching for West Palm Reds : RHP Javier Valenzuela
|
Now at C: Alejandro Martínez
|
|
Batting: RHB José Ortega
|
0-0: Called Strike 0-1: Ball 1-1: Called Strike 1-2: Ball 2-2: Strikes out looking
|
Batting: RHB Adrian Prouse
|
0-0: Called Strike 0-1: Foul Ball, location: 2F 0-2: Ball 1-2: Ball 2-2: Ball 3-2: Ground out 4-3 (Groundball, 4)
|
Batting: RHB Kurt Walter
|
0-0: Called Strike 0-1: Ball 1-1: Ball 2-1: Ground out 6-3 (Groundball, 6)
|
Bottom of the 7th over - 0 run(s), 0 hit(s), 0 error(s), 0 left on base; West Palm 6 - Gainesville 12 |
TOP OF THE 8TH |
West Palm Reds batting - Pitching for Gainesville Guidos : RHP Marlon Ryan
|
Now at 3B: Fernando Mendoza
|
|
Now in CF: Pedro Mata
|
|
Batting: LHB Jeff McKinney
|
0-0: Called Strike 0-1: Ball 1-1: Ball 2-1: Foul Ball, location: 2F 2-2: Foul Ball, location: 2F 2-2: Ball 3-2: Base on Balls
|
Batting: SHB Todd Smith
|
0-0: Called Strike 0-1: DOUBLE (Line Drive, 89S) Jeff McKinney to third
|
Batting: RHB Jack Ray
|
0-0: DOUBLE (Flyball, 8RXD) Jeff McKinney scores Todd Smith scores
|
Pitching: RHP Juan Patino
|
|
Batting: LHB Millard Dye
|
0-0: Ball 1-0: Ball 2-0: Ball 3-0: Called Strike 3-1: Base on Balls
|
Pitching: RHP Lance Sanders
|
|
Batting: LHB Bill Smith
|
0-0: Foul Ball, location: 2F 0-1: Called Strike 0-2: Strikes out swinging
|
Batting: RHB Alejandro Martínez
|
0-0: Ball 1-0: Grounds into double play, 1-4-3 (Groundball, 13S)
|
Top of the 8th over - 2 run(s), 2 hit(s), 0 error(s), 1 left on base; West Palm 8 - Gainesville 12 |
BOTTOM OF THE 8TH |
Gainesville Guidos batting - Pitching for West Palm Reds : RHP Javier Valenzuela
|
Batting: RHB José Fernández
|
0-0: Called Strike 0-1: Ball 1-1: Called Strike 1-2: SINGLE (Flyball, 9LM)
|
Batting: LHB Sergio Barrón
|
0-0: Foul Ball, location: 2F 0-1: Ball 1-1: Foul Ball, location: 2F 1-2: Strikes out swinging
|
Batting: RHB Victor Andrews
|
0-0: Swinging Strike 0-1: Foul Ball, location: 2F 0-2: Strikes out looking
|
Batting: RHB Noriyori Ine
|
0-0: Hit by Pitch José Fernández to second
|
Batting: LHB António Hernández
|
0-0: Called Strike 0-1: Ground out 4-3 (Groundball, 4)
|
Bottom of the 8th over - 0 run(s), 1 hit(s), 0 error(s), 2 left on base; West Palm 8 - Gainesville 12 |
TOP OF THE 9TH |
West Palm Reds batting - Pitching for Gainesville Guidos : RHP Lance Sanders
|
Batting: SHB Francis Shaffer
|
0-0: Called Strike 0-1: Foul Ball, location: 2F 0-2: Ball 1-2: Foul Ball, location: 2F 1-2: Foul Ball, location: 2F 1-2: Ball 2-2: Ball 3-2: Base on Balls
|
Batting: LHB Jeff Doss
|
0-0: Foul Ball, location: 2F 0-1: Ball 1-1: Swinging Strike 1-2: Strikes out swinging
|
Batting: LHB Enrique Cortéz
|
0-0: Fly out, F8 (Flyball, 89D)
|
Batting: LHB Jeff McKinney
|
0-0: Swinging Strike 0-1: Ball 1-1: Ball 2-1: Foul Ball, location: 2F 2-2: Foul Ball, location: 2F 2-2: Strikes out looking
|
Top of the 9th over - 0 run(s), 0 hit(s), 0 error(s), 1 left on base; West Palm 8 - Gainesville 12 |
|